 Dungeon Crawl Stone Soup version 0.28-a0-863-g8cecda6153 (webtiles) character file.

Game seed: 9060246243886231819

10287 AvatarAndi78 the Spear-Bearer (level 11, -11/87 HPs)
             Began as a Demonspawn Abyssal Knight on Nov 18, 2021.
             Was an Elder of Lugonu.
             Succumbed to Sonja's poison
             ... on level 10 of the Dungeon.
             The game lasted 00:31:14 (12210 turns).

AvatarAndi78 the Spear-Bearer (DsAK)               Turns: 12210, Time: 00:31:15

Health: -11/87     AC: 20    Str: 16 (17) XL:     11   Next: 34%
Magic:  13/13      EV:  6    Int: 11      God:    Lugonu [****..]
Gold:   463        SH:  4    Dex: 13 (14) Spells: 8/10 levels left

rFire   . . .      SeeInvis .   h - +3 demon trident (freeze)
rCold   + + .      Faith    .   (no shield)
rNeg    . . .      Spirit   .   p - +0 plate armour
rPois   +          Reflect  .   (no helmet)
rElec   +          Harm     .   (no cloak)
rCorr   +          Rampage  .   g - +0 pair of gloves
Will    .....                   i - +0 pair of boots
Stlth   ..........              (no amulet)
HPRegen 0.24/turn               r - ring of ice
MPRegen 0.26/turn               A - +4 ring of protection

@: lethally poisoned (-11 -> -62), resistant, slowed, very slow
A: large bone plates 1, demonic guardian 2, magic regeneration, weakness stinger
2, deterioration 2
a: Renounce Religion, Depart the Abyss, Bend Space, Banish, Corrupt


You were on level 10 of the Dungeon.
You worshipped Lugonu.
Lugonu was greatly pleased with you.
You visited 1 branch of the dungeon, and saw 10 of its levels.
You visited the Abyss 1 time.

You collected 463 gold pieces.

Inventory:

Hand Weapons
 a - a +2 hand axe
 d - a +3 halberd of flaming
 h - a +3 demon trident of freezing (weapon)
 m - a +2 trident of protection
Missiles
 o - 4 throwing nets
Armour
 e - +0 swamp dragon scales
 g - a +0 pair of gloves (worn)
 i - a +0 pair of boots (worn)
 p - a +0 plate armour (worn)
Jewellery
 r - a ring of ice (left hand)
 A - a +4 ring of protection (right hand)
Wands
 k - a wand of flame (19)
 l - a wand of polymorph (22)
 v - a wand of acid (16)
 y - a wand of paralysis (4)
Scrolls
 c - a scroll of amnesia
 n - 4 scrolls of magic mapping
 x - a scroll of teleportation {unknown}
Potions
 b - a potion of degeneration
 f - 2 potions of resistance
 q - 2 potions of heal wounds
 s - 2 potions of flight
 t - a potion of brilliance
 u - a potion of ambrosia
Miscellaneous
 w - a box of beasts


   Skills:
 + Level 8.7 Fighting
 + Level 3.7(7.5) Axes
 + Level 10.2(10.5) Polearms
 + Level 7.4 Armour
 + Level 3.3 Dodging
 + Level 3.0 Stealth
 + Level 4.0 Shields
 + Level 1.0 Unarmed Combat
 + Level 2.7 Invocations
 + Level 2.7 Evocations


You had 8 spell levels left.
You knew the following spells:

 Your Spells              Type           Power      Damage    Failure   Level
a - Corpse Rot            Necr/Air       0%         N/A       100%        2

Your spell library contained the following spells:

 Spells                   Type           Power      Damage    Failure   Level
 Blink                    Tloc           0%         N/A       100%        2
 Poisonous Vapours        Pois/Air       0%         N/A       100%        2
 Sublimation of Blood     Necr           0%         N/A       100%        2
 Lesser Beckoning         Tloc           0%         N/A       100%        3
 Stone Arrow              Conj/Erth      0%         3d7       100%        3
 Animate Armour           Summ/Erth      0%         N/A       100%        4
 Passage of Golubria      Tloc           0%         N/A       100%        4
 Manifold Assault         Tloc           0%         N/A       100%        5
 Silence                  Hex/Air        0%         N/A       100%        5
 Conjure Ball Lightning   Conj/Air       0%         3x3d6     100%        6
 Discord                  Hex            0%         N/A       100%        8
 Disjunction              Tloc           0%         N/A       100%        8
 Infestation              Necr           0%         N/A       100%        8
 Lehudib's Crystal Spear  Conj/Erth      0%         10d2      100%        8
 Chain Lightning          Conj/Air       0%         N/A       100%        9


Dungeon Overview and Level Annotations

Branches:
Dungeon (10/15)            Temple (0/1) D:4            Lair (0/6) D:8
    Orc: D:9-12

Altars:
Dithmenos
Elyvilon
Fedhas
Hepliaklqana
Nemelex Xobeh
Sif Muna
Vehumet
Wu Jian
Xom
Zin

Annotations:
D:8 2 runed translucent doors, StikS32's ghost, novice MiFi
D:10 Sonja


Innate Abilities, Weirdness & Mutations

You are partially covered in large bone plates. (SH +4)
A demonic guardian rushes to your aid.
You regenerate magic rapidly.
You have a tail ending in a sharp stinger.
Your body often deteriorates upon taking damage.


Message History

You are more poisoned.
Okay, then.
You feel much better.
Your body deteriorates!
You feel clumsy.
You feel extremely sick. Sonja hits you but does no damage. x2
You are more poisoned.
You block Sonja's attack. Sonja hits you but does no damage.
You are lethally poisoned!
Sonja hits you with a +0 dagger of venom.
You are more poisoned.
Sonja hits you but does no damage.
You are more poisoned.
You feel protected.
* * * LOW HITPOINT WARNING * * *
You feel extremely sick. Sonja hits you but does no damage.
You are more poisoned.
Sonja hits you with a +0 dagger of venom.
* * * LOW HITPOINT WARNING * * *
Sonja hits you but does no damage. Sonja barely misses you.
You block Sonja's attack. Sonja hits you but does no damage.
You are more poisoned.
Okay, then.
Press: ? - help, Shift-Dir - straight line, f/p - Sonja
Aim: Sonja, wielding a +0 dagger of venom and quivering curare-tipped darts (chance to affect: 87%)
You fail to use your ability.
* * * LOW HITPOINT WARNING * * *
Your body deteriorates!
You feel weakened.
You feel extremely sick.
Sonja hits you with a +0 dagger of venom.
* * * LOW HITPOINT WARNING * * *
A demonic guardian appears!
Sonja hits you but does no damage.
You are more poisoned.
Sonja hits you but does no damage. x4
An orc wizard comes into view. It is wielding a +0 dagger.
Okay, then.
You don't have enough health at the moment.
You miss Sonja.
You die...

#.##################
#.# #.# #.# #.#
###†#### #......#
+....K3# #....@.#
#......# #......#
#......# #......#
........+ o##......#
#......#


You could see Sonja (ally target), an orc wizard (wandering) and a friendly
sixfirhy (summoned).

Vanquished Creatures
  A two-headed ogre (D:9)
  The ghost of Htamos the Chiller, a novice MfIE of Makhleb (D:5)
  Maurice (D:9)
  Joseph (D:8)
  Maggie (D:7)
  Grinder (D:5)
  Prince Ribbit (D:8)
  12 yaks
  Grum (D:8)
  A wyvern (D:8)
  Eustachio (D:6)
  Duvessa (D:6)
  2 orc warriors (D:9)
  2 ice beasts (D:5)
  A black bear (D:4)
  A sky beast (D:4)
  A necrophage (D:8)
  3 centaurs
  4 wolves (D:8)
  2 ogres
  2 phantoms
  A kobold brigand (D:8)
  5 bullfrogs
  A gnoll sergeant (D:8)
  3 scorpions
  A wyvern zombie (D:5)
  3 wyvern skeletons
  Dowan (D:6)
  4 killer bees (D:9)
  10 wights (D:8)
  2 howler monkeys (D:9)
  A bullfrog zombie (D:5)
  3 centaur zombies
  A jelly (D:8)
  5 hounds
  3 orc priests
  2 centaur skeletons
  Ijyb (D:5)
  8 orc wizards
  A killer bee zombie (D:4)
  2 howler monkey skeletons
  2 howler monkey zombies
  10 adders
  7 gnolls
  An ufetubus (D:6)
  A worm (D:2)
  6 dart slugs
  18 orcs
  4 bats
  10 endoplasms
  3 giant cockroaches
  4 goblins
  7 hobgoblins
  A quokka (D:2)
  4 ball pythons
  3 frilled lizards
  11 kobolds
  8 rats
199 creatures vanquished.

Vanquished Creatures (collateral kills)
  Harold (D:7)
  4 yaks
  A necrophage (D:4)
  An orc priest (D:9)
  A scorpion zombie (D:5)
  An adder (D:2)
  A ball python (D:1)
  An endoplasm (D:2)
11 creatures vanquished.

Vanquished Creatures (others)
  An orc (D:9)
  A fungus (D:5)
  8 plants (D:9)
10 creatures vanquished.

Grand Total: 220 creatures vanquished

Notes
Turn   | Place    | Note
-------+----------+-------------------------------------------
     0 | Abyss:1  | AvatarAndi78 the Demonspawn Abyssal Knight began the quest
                  | for the Orb.
     0 | Abyss:1  | Reached XP level 1. HP: 18/18 MP: 2/2
   139 | Abyss:1  | Noticed a blizzard demon
   140 | D:1      | Escaped the Abyss
   631 | D:1      | Gained mutation: A weak demonic guardian rushes to your
                  | aid. [demonic ancestry]
   631 | D:1      | Reached XP level 2. HP: 9/24 MP: 3/3
  1633 | D:2      | Reached * piety under Lugonu
  1640 | D:2      | Reached skill level 1 in Dodging
  1716 | D:2      | Reached XP level 3. HP: 19/30 MP: 5/5
  2094 | D:2      | Gained mutation: You have a small tail. [demonic ancestry]
  2094 | D:2      | Reached XP level 4. HP: 37/37 MP: 6/6
  2882 | D:3      | Learned a level 2 spell: Corpse Rot
  3373 | D:4      | Noticed a scorpion
  3379 | D:4      | Killed a scorpion
  3380 | D:4      | Gained mutation: You have a tail ending in a sharp stinger.
                  | [demonic ancestry]
  3380 | D:4      | Reached XP level 5. HP: 42/42 MP: 7/7
  3398 | D:4      | Noticed a phantom
  3415 | D:4      | Killed a phantom
  3415 | D:4      | Noticed a necrophage
  3416 | D:4      | Reached skill level 1 in Polearms
  3416 | D:4      | Gained mutation: You are partially covered in large bone
                  | plates. (SH +4) [demonic ancestry]
  3416 | D:4      | Reached XP level 6. HP: 10/49 MP: 8/8
  3428 | D:4      | Reached skill level 2 in Polearms
  3671 | D:4      | Reached ** piety under Lugonu
  3837 | D:4      | Reached skill level 1 in Stealth
  3857 | D:4      | Reached skill level 3 in Polearms
  3857 | D:4      | Reached XP level 7. HP: 13/55 MP: 9/9
  4151 | D:4      | Found a staircase to the Ecumenical Temple.
  4289 | D:4      | Reached skill level 1 in Evocations
  4574 | D:4      | Found a hazy altar of Hepliaklqana.
  4619 | D:5      | Entered Level 5 of the Dungeon
  4630 | D:5      | Reached skill level 4 in Polearms
  4630 | D:5      | Reached skill level 1 in Shields
  4677 | D:5      | Noticed Grinder
  4680 | D:5      | Paralysed by Grinder for 5 turns
  4697 | D:5      | Killed Grinder
  4698 | D:5      | Reached skill level 5 in Fighting
  4698 | D:5      | Reached XP level 8. HP: 33/62 MP: 10/10
  4862 | D:5      | Found a runed translucent door.
  4862 | D:5      | Noticed Htamos's ghost (novice MfIE)
  4983 | D:5      | Reached skill level 5 in Polearms
  5318 | D:5      | Found a sparkling altar of Nemelex Xobeh.
  5633 | D:5      | Noticed Ijyb
  5672 | D:5      | Killed Ijyb
  6033 | D:5      | Found a shimmering altar of Xom.
  6473 | D:6      | Reached skill level 6 in Polearms
  6536 | D:6      | Reached skill level 1 in Unarmed Combat
  6536 | D:6      | Gained mutation: You regenerate magic rapidly. [demonic
                  | ancestry]
  6536 | D:6      | Reached XP level 9. HP: 43/68 MP: 11/11
  6741 | D:6      | Noticed Eustachio
  6834 | D:6      | Killed Eustachio
  7076 | D:6      | Reached *** piety under Lugonu
  7090 | D:6      | Reached skill level 7 in Polearms
  7388 | D:6      | Noticed Duvessa
  7389 | D:6      | Noticed Dowan
  7401 | D:6      | Killed Duvessa
  7408 | D:6      | Killed Dowan
  7727 | D:7      | Reached skill level 5 in Armour
  7728 | D:7      | Found an ornate altar of the Wu Jian Council.
  7729 | D:7      | Noticed Harold
  7740 | D:7      | Killed Harold
  7741 | D:7      | Reached skill level 8 in Polearms
  7895 | D:7      | Identified a scroll of acquirement
  7895 | D:7      | Acquired a +2 demon trident of freezing
  8009 | D:7      | Noticed Maggie
  8018 | D:7      | Killed Maggie
  8019 | D:7      | Reached XP level 10. HP: 46/77 MP: 12/12
  8792 | D:8      | Found a shadowy altar of Dithmenos.
  8873 | D:8      | Found a staircase to the Lair.
  9190 | D:8      | Noticed Prince Ribbit
  9195 | D:8      | Killed Prince Ribbit
  9228 | D:8      | Noticed Grum
  9423 | D:8      | Killed Grum
  9555 | D:8      | Got the Guide on the Dark Birds
  9566 | D:8      | Noticed Joseph
  9578 | D:8      | Killed Joseph
  9579 | D:8      | Reached skill level 9 in Polearms
  9954 | D:8      | Reached **** piety under Lugonu
  9985 | D:8      | Found a large runed translucent door.
  9985 | D:8      | Found a large runed translucent door.
  9987 | D:8      | Noticed StikS32's ghost (novice MiFi)
 10311 | D:5      | Gained mutation: Your body sometimes deteriorates upon
                  | taking damage. [potion of mutation]
 10311 | D:5      | Gained mutation: Your body often deteriorates upon taking
                  | damage. [potion of mutation]
 10344 | D:5      | Killed Htamos's ghost
 10943 | D:9      | Found a blossoming altar of Fedhas.
 10986 | D:9      | Noticed a two-headed ogre
 10995 | D:9      | Killed a two-headed ogre
 11467 | D:9      | Noticed Maurice
 11481 | D:9      | Killed Maurice
 11482 | D:9      | Gained mutation: A demonic guardian rushes to your aid.
                  | [demonic ancestry]
 11482 | D:9      | Reached XP level 11. HP: 82/86 MP: 13/13
 11540 | D:9      | Found a radiant altar of Vehumet.
 11688 | D:9      | Reached skill level 10 in Polearms
 11737 | D:9      | Found a shimmering blue altar of Sif Muna.
 12136 | D:10     | Entered Level 10 of the Dungeon
 12173 | D:10     | Noticed Sonja
 12209 | D:10     | HP: 4/87 [poisoned by Sonja]
 12210 | D:10     | Succumbed to Sonja's poison

Illustrated notes

Levels and vault maps discovered:
D:1:      dpeg_arrival_radiant, layout_basic, hangedman_abyss_or_decor_stabs
D:2:      layout_rooms
D:3:      layout_basic, grunt_decor_clamped
D:4:      layout_rooms, lemuel_tele_altar, nicolae_overflow_hidden_temple,
          minmay_temple_entry_antechambers
D:5:      layout_cave_pods, kennysheep_little_box,
          hellmonk_ghost_happy_afterlife, serial_park, serial_park_gazebo
          [serial_park_minivault_5x5_4], serial_park_tiny_2, serial_park_square3
          [serial_park_minivault_5x5_6], uniq_grinder, uniq_ijyb
D:6:      layout_rooms, uniq_duvessa, uniq_eustachio
D:7:      layout_loops_cross, nicolae_wu_jian_wuxing_cycle, uniq_maggie,
          uniq_harold
D:8:      layout_layer_cave, mainiacjoe_overflow_six_doors_small,
          lair_entry_dummy, ebering_ghost_disaster_area, uniq_grum, uniq_joseph,
          uniq_prince_ribbit1
D:9:      layout_stronghold, fiery_altar_vehumet,
          mainiacjoe_overflow_small_starburst, old_standard_altar,
          marbit_many_paths, serial_bayou_pond_a, uniq_maurice
D:10:     layout_basic, okawaru_humans, uniq_sonja

Skill      XL: |  1  2  3  4  5  6  7  8  9 10 11 |
---------------+----------------------------------+-----
Armour         | 2 3 4 5 6 7 |  7.4
Dodging        | 1 2 3 |  3.3
Axes           | 2 3 |  3.7
Fighting       | 4 5 6 8 |  8.7
Polearms       | 1 3 4 6 8 9 10 | 10.2
Stealth        | 1 3 |  3.0
Evocations     | 1 2 |  2.7
Shields        | 1 2 3 4 |  4.0
Unarmed Combat | 1 |  1.0
Invocations    | |  2.7

Action                   |  1- 3 |  4- 6 |  7- 9 | 10-12 || total
-------------------------+-------+-------+-------+-------++-------
Melee: Hand axe          |   101 |    44 |       |       ||   145
       Trident           |       |    83 |   409 |       ||   492
       Tailslap          |       |    14 |    67 |    40 ||   121
       Unarmed           |       |       |    31 |       ||    31
       Punch             |       |       |     3 |     1 ||     4
       Demon trident     |       |       |     9 |   303 ||   312
Invok: Depart the Abyss  |     1 |       |       |       ||     1
Evoke: Wand              |     3 |     4 |    18 |     8 ||    33
  Use: Scroll            |     3 |       |    10 |     4 ||    17
       Potion            |       |       |     8 |     7 ||    15
 Stab: Sleeping          |     1 |     1 |       |       ||     2
       Paralysed         |       |       |       |     7 ||     7
       Distracted        |       |       |       |     2 ||     2
Armor: Leather armour    |    40 |    46 |       |       ||    86
       Plate armour      |       |       |   328 |   150 ||   478
Dodge: Dodged            |    75 |    72 |   135 |    52 ||   334
Block: Other             |       |     9 |    88 |    34 ||   131

Table legend: (Time is in decaauts)
 A = Elapsed time spent in this place.
 B = Non-inter-level travel time spent in this place.
 C = Inter-level travel time spent in this place.
 D = Time resting spent in this place.
 E = Time spent auto-exploring this place.
 F = Levels seen in this place.
 G = Mean time per level.
                   A        B        C        D        E       F      G
               +--------+--------+--------+--------+--------+-----+--------+
         Total |  12196 |  11449 |    747 |      0 |   9557 |  11 | 1108.7 |
       Dungeon |  12056 |  11309 |    747 |      0 |   9420 |  10 | 1205.6 |
         Abyss |    140 |    140 |      0 |      0 |    137 |   1 |  140.0 |
               +--------+--------+--------+--------+--------+-----+--------+

Top non-repeatable levels by time:
     D:5: 1912 daAuts
     D:9: 1641 daAuts
     D:1: 1482 daAuts
     D:8: 1470 daAuts
     D:4: 1378 daAuts
     D:6: 1190 daAuts
     D:7: 1187 daAuts
     D:2: 870 daAuts
     D:3: 844 daAuts
 Abyss:1: 140 daAuts
    D:10: 77 daAuts
